[Event "69th RUS-ch Women Higher League 2019"]
[Site "Yaroslavl"]
[Date "2019.07.01"]
[Round "5.1"]
[White "Tomilova, Elena"]
[Black "Shafigullina, Zarina"]
[Result "1/2-1/2"]
[ECO "A05"]
[WhiteElo "2289"]
[BlackElo "2240"]
[Annotator "NA"]
[PlyCount "80"]
[EventDate "2019.06.27"]
[EventType "swiss"]
[EventCountry "RUS"]
[SourceTitle "playchess.com"]
[Source "ChessBase"]
[SourceQuality "1"]
[TimeControl "40/5400+30:1800+30"]

1. Nf3 Nf6 2. c4 b6 3. g3 Bb7 4. Bg2 c5 5. O-O e6 6. b3 d5 7. cxd5 exd5 8. d4 Nbd7 9. Bb2 g6 10. Nc3 Bg7 11. Rc1 O-O 12. dxc5 bxc5 13. Na4 Rc8 14. Ne1 Qe7 15. Nd3 Rfe8 16. Re1 c4 17. Nf4 Qb4 18. e3 Red8 19. Bd4 Bc6 20. Nc3 Nb6 21. Rb1 Qe7 22. h4 h5 23. b4 Ne4 24. Bxg7 Kxg7 25. Qc2 Nxc3 26. Qxc3+ Qf6 27. Ne2 Qxc3 28. Nxc3 Na4 29. Rec1 a6 30. Nxa4 Bxa4 31. Rc3 Rc7 32. Bf1 Bb5 33. Rd1 Kf6 34. Rd4 Rcd7 35. Bg2 Ke5 36. Rc2 Ba4 37. Rc3 Bb5 38. Rc2 Ba4 39. Rc3 Bb5 40. Rc2 Ba4 1/2-1/2

[Event "69th RUS-ch Women Higher League 2019"]
[Site "Yaroslavl"]
[Date "2019.07.01"]
[Round "5.2"]
[White "Bodnaruk, Anastasia"]
[Black "Charochkina, Daria"]
[Result "0-1"]
[ECO "B12"]
[WhiteElo "2440"]
[BlackElo "2338"]
[Annotator "NA"]
[PlyCount "120"]
[EventDate "2019.06.27"]
[EventType "swiss"]
[EventCountry "RUS"]
[SourceTitle "playchess.com"]
[Source "ChessBase"]
[SourceQuality "1"]
[TimeControl "40/5400+30:1800+30"]

1. e4 c6 2. d4 d5 3. e5 Bf5 4. Nf3 e6 5. Be2 Nd7 6. O-O Ne7 7. c3 h6 8. Na3 Bg6 9. Nc2 Nf5 10. a4 a5 11. Nce1 Be7 12. g4 Nh4 13. Nxh4 Bxh4 14. Ng2 O-O 15. f4 Be4 16. Bd3 f5 17. Bxe4 fxe4 18. g5 hxg5 19. Qg4 Qe7 20. Bd2 Qf7 21. fxg5 Bf2+ 22. Kh1 Qf5 23. Qxf5 Rxf5 24. Bf4 e3 25. Bxe3 Raf8 26. h4 c5 27. b3 Rf3 28. Bxf2 Rxf2 29. Kg1 Rc2 30. Rxf8+ Nxf8 31. dxc5 Rxc3 32. Rb1 Nd7 33. b4 axb4 34. Rxb4 Nxc5 35. h5 Rc4 36. Rb6 Rxa4 37. Rd6 Ra8 38. Nf4 Kf7 39. Rb6 Ra4 40. g6+ Ke7 41. Ng2 Ra1+ 42. Kf2 Nd3+ 43. Kg3 Nxe5 44. Nf4 Ra6 45. Rxb7+ Kf6 46. Rb8 Kg5 47. Rf8 d4 48. Rf7 Kh6 49. Rf8 Kg5 50. Rf7 d3 51. Kf2 d2 52. Ke2 Rd6 53. Kd1 Nc4 54. Nh3+ Kxh5 55. Nf2 Kxg6 56. Rb7 Ne3+ 57. Ke2 d1=Q+ 58. Nxd1 Nxd1 59. Rb3 Kf5 60. Rf3+ Kg4 0-1

[Event "69th RUS-ch Women Higher League 2019"]
[Site "Yaroslavl"]
[Date "2019.07.01"]
[Round "5.3"]
[White "Dordzhieva, Dinara"]
[Black "Shuvalova, Polina"]
[Result "0-1"]
[ECO "A05"]
[WhiteElo "2306"]
[BlackElo "2418"]
[Annotator "NA"]
[PlyCount "152"]
[EventDate "2019.06.27"]
[EventType "swiss"]
[EventCountry "RUS"]
[SourceTitle "playchess.com"]
[Source "ChessBase"]
[SourceQuality "1"]
[TimeControl "40/5400+30:1800+30"]

1. Nf3 Nf6 2. c4 b6 3. g3 c5 4. Bg2 Bb7 5. O-O g6 6. b3 Bg7 7. Bb2 O-O 8. d4 cxd4 9. Bxd4 d6 10. Bb2 Nbd7 11. Nc3 a6 12. Qd2 Rb8 13. Rac1 b5 14. cxb5 axb5 15. Nd4 Bxg2 16. Kxg2 Qa5 17. Nc6 Qa8 18. Nd5 Nxd5 19. Bxg7 Kxg7 20. Qxd5 Nf6 21. Qf3 Rb6 22. Rc2 Re8 23. Rfc1 b4 24. Kg1 e5 25. Qe3 Qa6 26. Qd2 Ne4 27. Qe3 Nc5 28. Nd4 Qa8 29. Nf3 h6 30. h4 h5 31. Nd2 Ra6 32. Nc4 Ne6 33. Nxd6 Re7 34. Nc8 Rd7 35. Qxe5+ Kh7 36. Qb5 Rb7 37. Qd5 Qb8 38. e3 Rb5 39. Qf3 Rf5 40. Qe4 Re5 41. Qd3 Rea5 42. Qd7 Kg7 43. Ne7 Rxa2 44. Rc8 Qd6 45. Qe8 Kf6 46. Ng8+ Kg7 47. Nh6 Qf8 48. Qd7 Rd6 49. Qb5 Rd8 50. Rxd8 Qxd8 51. Nxf7 Qf6 52. Qe5 Kxf7 53. Qxf6+ Kxf6 54. Rc4 Rb2 55. Rxb4 Nc5 56. Rb6+ Kg7 57. Kg2 Ne4 58. Rb7+ Kf6 59. Rb6+ Kg7 60. Rb7+ Kh6 61. Kf3 Nxf2 62. b4 Ng4 63. Kf4 Rf2+ 64. Ke4 Re2 65. b5 Rxe3+ 66. Kf4 Rb3 67. Rb6 Rb4+ 68. Kf3 Ne5+ 69. Kg2 Rb2+ 70. Kg1 Nc4 71. Rb8 Nd6 72. b6 Nf5 73. g4 hxg4 74. Kf1 g3 75. b7 Ne3+ 76. Ke1 g2 0-1

[Event "69th RUS-ch Women Higher League 2019"]
[Site "Yaroslavl"]
[Date "2019.07.01"]
[Round "5.4"]
[White "Kovalevskaya, Ekaterina"]
[Black "Borisova, Ekaterina"]
[Result "1-0"]
[ECO "B53"]
[WhiteElo "2413"]
[BlackElo "2267"]
[Annotator "NA"]
[PlyCount "75"]
[EventDate "2019.06.27"]
[EventType "swiss"]
[EventCountry "RUS"]
[SourceTitle "playchess.com"]
[Source "ChessBase"]
[SourceQuality "1"]
[TimeControl "40/5400+30:1800+30"]

1. e4 c5 2. Nf3 d6 3. d4 cxd4 4. Qxd4 Nc6 5. Bb5 Bd7 6. Qd3 Nf6 7. c4 g6 8. Nc3 Bg7 9. O-O O-O 10. h3 Rc8 11. Be3 a6 12. Bxc6 Bxc6 13. Rac1 Nd7 14. Nd4 Nc5 15. Qc2 Ne6 16. Nxe6 fxe6 17. Qb3 Qe8 18. f3 Qf7 19. Ne2 Be5 20. Nd4 Bxd4 21. Bxd4 e5 22. Bb6 Bd7 23. Qd3 Rc6 24. Be3 b5 25. cxb5 Rxc1 26. Rxc1 Bxb5 27. Qa3 Qe6 28. Bh6 Rc8 29. b3 Qd7 30. Kh2 Rc6 31. Rxc6 Qxc6 32. Qa5 Kf7 33. a4 Bd3 34. Qd8 Qe8 35. Qc7 Kf6 36. Qc3 Bb1 37. Qc1 Ba2 38. Bg5+ 1-0

[Event "69th RUS-ch Women Higher League 2019"]
[Site "Yaroslavl"]
[Date "2019.07.01"]
[Round "5.5"]
[White "Protopopova, Anastasiya"]
[Black "Guseva, Marina"]
[Result "1-0"]
[ECO "D43"]
[WhiteElo "2272"]
[BlackElo "2379"]
[Annotator "NA"]
[PlyCount "61"]
[EventDate "2019.06.27"]
[EventType "swiss"]
[EventCountry "RUS"]
[SourceTitle "playchess.com"]
[Source "ChessBase"]
[SourceQuality "1"]
[TimeControl "40/5400+30:1800+30"]

1. d4 d5 2. c4 c6 3. Nf3 Nf6 4. Nc3 e6 5. Bg5 Nbd7 6. cxd5 exd5 7. e3 Be7 8. Qc2 Nh5 9. h4 Ndf6 10. Ne5 h6 11. Be2 Be6 12. O-O-O g6 13. g4 Ng3 14. fxg3 hxg5 15. hxg5 Rxh1 16. Rxh1 Nd7 17. Nxg6 fxg6 18. Qxg6+ Bf7 19. Rh8+ Nf8 20. Qg7 Qd6 21. Bd3 Qxg3 22. g6 Qxe3+ 23. Kc2 Be6 24. Qe5 Qxe5 25. dxe5 O-O-O 26. g7 Nd7 27. Bf5 Bg8 28. Ne2 Kc7 29. Nd4 Nf6 30. Ne6+ Bxe6 31. Bxe6 1-0

[Event "69th RUS-ch Women Higher League 2019"]
[Site "Yaroslavl"]
[Date "2019.07.01"]
[Round "5.6"]
[White "Gritsayeva, Oksana"]
[Black "Potapova, Margarita"]
[Result "1/2-1/2"]
[ECO "A46"]
[WhiteElo "2381"]
[BlackElo "2256"]
[Annotator "NA"]
[PlyCount "79"]
[EventDate "2019.06.27"]
[EventType "swiss"]
[EventCountry "RUS"]
[SourceTitle "playchess.com"]
[Source "ChessBase"]
[SourceQuality "1"]
[TimeControl "40/5400+30:1800+30"]

1. d4 Nf6 2. Nf3 d5 3. c4 e6 4. e3 a6 5. Nc3 dxc4 6. Bxc4 b5 7. Bd3 Bb7 8. Qc2 Nbd7 9. a4 b4 10. Ne4 c5 11. dxc5 Rc8 12. Nxf6+ Qxf6 13. c6 Rxc6 14. Qe2 Nc5 15. Bc4 Rc8 16. O-O Bd6 17. Rd1 Bb8 18. Bd2 a5 19. Bb5+ Kf8 20. Rac1 g5 21. e4 g4 22. Ne1 Qe5 23. Qxg4 Qxh2+ 24. Kf1 Rg8 25. Qh3 Qxh3 26. gxh3 Kg7 27. f3 Be5 28. Be3 Nb3 29. Rxc8 Rxc8 30. Rd7 Bc6 31. Bxc6 Rxc6 32. Nd3 Bc7 33. Ke2 Kf8 34. Bg5 Ke8 35. Re7+ Kf8 36. Rd7 Ke8 37. Re7+ Kf8 38. Rd7 Ke8 39. Re7+ Kf8 40. Rd7 1/2-1/2

[Event "69th RUS-ch Women Higher League 2019"]
[Site "Yaroslavl"]
[Date "2019.07.01"]
[Round "5.7"]
[White "Nosacheva, Mariya"]
[Black "Galliamova, Alisa"]
[Result "0-1"]
[ECO "B25"]
[WhiteElo "2150"]
[BlackElo "2444"]
[Annotator "NA"]
[PlyCount "50"]
[EventDate "2019.06.27"]
[EventType "swiss"]
[EventCountry "RUS"]
[SourceTitle "playchess.com"]
[Source "ChessBase"]
[SourceQuality "1"]
[TimeControl "40/5400+30:1800+30"]

1. e4 c5 2. Nc3 d6 3. g3 Nc6 4. Bg2 g6 5. d3 Bg7 6. f4 Bd7 7. Be3 Nd4 8. Qd2 Qa5 9. Nge2 Rc8 10. O-O e6 11. Nc1 Ne7 12. Qf2 O-O 13. Nd1 Ba4 14. Bd2 Qb6 15. c3 Bxd1 16. Rxd1 Qxb2 17. Nb3 Nxb3 18. axb3 Bxc3 19. Bxc3 Qxc3 20. Rxa7 Qxb3 21. Qf1 Qb6 22. Ra2 c4+ 23. Kh1 c3 24. Rb1 Qe3 25. Qd1 Nc6 0-1

[Event "69th RUS-ch Women Higher League 2019"]
[Site "Yaroslavl"]
[Date "2019.07.01"]
[Round "5.8"]
[White "Goltseva, Ekaterina"]
[Black "Belenkaya, Dina"]
[Result "1-0"]
[ECO "A06"]
[WhiteElo "2304"]
[BlackElo "2321"]
[Annotator "NA"]
[PlyCount "131"]
[EventDate "2019.06.27"]
[EventType "swiss"]
[EventCountry "RUS"]
[SourceTitle "playchess.com"]
[Source "ChessBase"]
[SourceQuality "1"]
[TimeControl "40/5400+30:1800+30"]

1. Nf3 d5 2. g3 g6 3. Bg2 Bg7 4. d4 Nf6 5. O-O O-O 6. Nbd2 c6 7. c4 Qb6 8. e3 Bf5 9. Ne5 Rd8 10. cxd5 cxd5 11. Nb3 Nc6 12. Bd2 Rdc8 13. Bc3 a5 14. Nd3 Qb5 15. Nf4 a4 16. Nd2 Na5 17. Rc1 e6 18. Re1 Bf8 19. Bf1 Qd7 20. f3 g5 21. Nd3 b5 22. Ne5 Qb7 23. Bxa5 Rxa5 24. Rxc8 Qxc8 25. e4 Bg6 26. Bd3 b4 27. Nf1 Qb7 28. Nxg6 hxg6 29. e5 Nd7 30. Qd2 Qb6 31. Qe3 b3 32. a3 Ra8 33. Rc1 Be7 34. Kg2 Kg7 35. g4 Rh8 36. Ng3 Nb8 37. Ne2 Nc6 38. Rf1 Bd8 39. f4 gxf4 40. Qxf4 Qb7 41. Nc3 g5 42. Qf2 Qa7 43. Nb5 Qe7 44. Nd6 Bb6 45. Qd2 Nd8 46. Rf6 Bxd4 47. Qxg5+ Kf8 48. Bg6 Bxb2 49. Bxf7 Nxf7 50. Rxf7+ Qxf7 51. Nxf7 Kxf7 52. Qf6+ Kg8 53. Qxe6+ Kg7 54. Qf6+ Kg8 55. Qg6+ Kf8 56. e6 Ke7 57. Qf7+ Kd6 58. e7 Bxa3 59. Qf6+ Kd7 60. Qxh8 Bxe7 61. Qd4 Kd8 62. Qxd5+ Ke8 63. Qb5+ Kf8 64. Qxa4 b2 65. Qb5 Bf6 66. Kf3 1-0

[Event "69th RUS-ch Women Higher League 2019"]
[Site "Yaroslavl"]
[Date "2019.07.01"]
[Round "5.9"]
[White "Voit, Daria"]
[Black "Dimitrova, Aleksandra"]
[Result "1-0"]
[ECO "A13"]
[WhiteElo "2339"]
[BlackElo "2273"]
[Annotator "NA"]
[PlyCount "83"]
[EventDate "2019.06.27"]
[EventType "swiss"]
[EventCountry "RUS"]
[SourceTitle "playchess.com"]
[Source "ChessBase"]
[SourceQuality "1"]
[TimeControl "40/5400+30:1800+30"]

1. Nf3 Nf6 2. c4 e6 3. g3 d5 4. Bg2 dxc4 5. Qa4+ Nbd7 6. Qxc4 a6 7. Qb3 c5 8. a4 Bd6 9. d3 Rb8 10. a5 Bc7 11. Bd2 O-O 12. O-O Nd5 13. Nc3 Nb4 14. Ne4 Nc6 15. Qa3 b6 16. axb6 Rxb6 17. Be3 Nb4 18. Rfc1 Nd5 19. Bxc5 Nxc5 20. Nxc5 e5 21. Nd2 Rg6 22. Nf1 Bb6 23. Qb3 Nc7 24. Ne3 Nb5 25. Qd1 Nd4 26. b4 f5 27. Nc4 f4 28. Nxe5 Rh6 29. e3 fxg3 30. hxg3 Qf6 31. f4 Nf5 32. Ng4 Qg6 33. Nxh6+ gxh6 34. Qf3 Nxg3 35. Kf2 Nf5 36. Bh3 Kh8 37. Rg1 Qf6 38. Bxf5 Bxf5 39. Rxa6 Qb2+ 40. Qe2 Qxb4 41. Ra4 Qc3 42. Ne4 1-0

[Event "69th RUS-ch Women Higher League 2019"]
[Site "Yaroslavl"]
[Date "2019.07.01"]
[Round "5.10"]
[White "Garifullina, Leya"]
[Black "Bivol, Alina"]
[Result "1-0"]
[ECO "B12"]
[WhiteElo "2246"]
[BlackElo "2391"]
[Annotator "NA"]
[PlyCount "157"]
[EventDate "2019.06.27"]
[EventType "swiss"]
[EventCountry "RUS"]
[SourceTitle "playchess.com"]
[Source "ChessBase"]
[SourceQuality "1"]
[TimeControl "40/5400+30:1800+30"]

1. e4 c6 2. d4 d5 3. e5 Bf5 4. h4 Qb6 5. Nc3 h5 6. Be2 g6 7. Na4 Qc7 8. c3 Nd7 9. b4 b6 10. Be3 f6 11. f4 Nh6 12. Nh3 Ng4 13. Bf2 Bh6 14. Bd3 e6 15. Bxf5 gxf5 16. O-O Rg8 17. Qe2 fxe5 18. dxe5 Nf8 19. Ng5 Bxg5 20. hxg5 Ng6 21. Bd4 Rh8 22. Rac1 Kf7 23. Rf3 Qd7 24. Nb2 Rac8 25. Rd1 c5 26. bxc5 bxc5 27. Bf2 Nxf2 28. Qxf2 c4 29. Rf1 Qc7 30. Nd1 Qc5 31. Ne3 Rb8 32. Kh2 Qa5 33. Qc2 Kg7 34. Rb1 Qc7 35. Rd1 Rb5 36. a4 Rb3 37. Qe2 Qc6 38. Nc2 Qxa4 39. Ra1 Qd7 40. Nd4 Rb6 41. Rf2 Ne7 42. Qe3 Rhb8 43. Rfa2 Nc8 44. Qf3 Kg6 45. Kh3 R8b7 46. Kh4 Qh7 47. Ra6 Re7 48. Rxb6 Nxb6 49. Ra5 Qh8 50. Rc5 Nd7 51. Rc6 Nf8 52. Qxd5 Kf7 53. Nxe6 Nxe6 54. g6+ Kxg6 55. Rxe6+ Rxe6 56. Qxe6+ Kg7 57. Qe7+ Kg6 58. Kh3 Qg7 59. Qg5+ Kh7 60. Qxf5+ Qg6 61. Qd7+ Kg8 62. Qc8+ Kg7 63. Qc7+ Kf8 64. Qb8+ Kg7 65. Qxa7+ Kh6 66. Qe3 Qd3 67. Qg3 h4 68. Kxh4 Qf1 69. Kg4 Qd1+ 70. Qf3 Qe1 71. Qc6+ Kg7 72. Qd7+ Kh6 73. Qe6+ Kg7 74. Qe7+ Kg8 75. Kf5 Qh1 76. g4 Qh3 77. Qe8+ Kg7 78. Qg6+ Kf8 79. Ke6 1-0

[Event "69th RUS-ch Women Higher League 2019"]
[Site "Yaroslavl"]
[Date "2019.07.01"]
[Round "5.11"]
[White "Komiagina, Maria"]
[Black "Ambartsumova, Karina"]
[Result "0-1"]
[ECO "B43"]
[WhiteElo "2254"]
[BlackElo "2359"]
[Annotator "NA"]
[PlyCount "96"]
[EventDate "2019.06.27"]
[EventType "swiss"]
[EventCountry "RUS"]
[SourceTitle "playchess.com"]
[Source "ChessBase"]
[SourceQuality "1"]
[TimeControl "40/5400+30:1800+30"]

1. e4 c5 2. Nf3 e6 3. d4 cxd4 4. Nxd4 a6 5. Nc3 b5 6. Bd3 Qb6 7. Nf3 Qc7 8. O-O Bb7 9. Re1 Bc5 10. Bg5 f6 11. Bh4 Ne7 12. Bg3 e5 13. a3 O-O 14. Qd2 Nbc6 15. a4 b4 16. Bc4+ Kh8 17. Nd5 Nxd5 18. exd5 Ne7 19. Bb3 d6 20. Rad1 a5 21. c4 bxc3 22. bxc3 Ba6 23. Qa2 Rab8 24. h3 Rfc8 25. Nd2 Nf5 26. Ne4 Nxg3 27. Nxg3 Bxf2+ 28. Qxf2 Rxb3 29. Re3 Rxc3 30. Rxc3 Qxc3 31. Kh2 Qb3 32. Rd2 Qxa4 33. Qb6 Bb5 34. Rb2 Be8 35. Qxd6 Bg6 36. Rb7 Qe8 37. Qb6 Qd8 38. Qb5 Ra8 39. Ne2 a4 40. Nc3 a3 41. Qb4 e4 42. Kh1 e3 43. Qb5 Qd6 44. Rb6 Qe5 45. Qc6 Re8 46. d6 a2 47. Ra6 e2 48. Nxe2 a1=Q+ 0-1

[Event "69th RUS-ch Women Higher League 2019"]
[Site "Yaroslavl"]
[Date "2019.07.01"]
[Round "5.12"]
[White "Solozhenkina, Elizaveta"]
[Black "Chernyak, Viktoria"]
[Result "1-0"]
[ECO "B03"]
[WhiteElo "2324"]
[BlackElo "2253"]
[Annotator "NA"]
[PlyCount "61"]
[EventDate "2019.06.27"]
[EventType "swiss"]
[EventCountry "RUS"]
[SourceTitle "playchess.com"]
[Source "ChessBase"]
[SourceQuality "1"]
[TimeControl "40/5400+30:1800+30"]

1. e4 Nf6 2. e5 Nd5 3. d4 d6 4. c4 Nb6 5. exd6 exd6 6. Nc3 Be7 7. Be3 Nc6 8. Nf3 Bg4 9. h3 Bh5 10. b3 Bf6 11. Be2 O-O 12. g4 Bg6 13. h4 d5 14. c5 Nc8 15. g5 Be7 16. Ne5 Nxe5 17. dxe5 c6 18. Bg4 b6 19. h5 Be4 20. Nxe4 dxe4 21. g6 f5 22. exf6 Bxf6 23. Be6+ Kh8 24. h6 Bc3+ 25. Kf1 Qd3+ 26. Kg2 Ne7 27. hxg7+ Kxg7 28. Rxh7+ Kf6 29. Qg4 Rae8 30. Rd1 Qc2 31. Rd6 1-0

[Event "69th RUS-ch Women Higher League 2019"]
[Site "Yaroslavl"]
[Date "2019.07.01"]
[Round "5.13"]
[White "Maltsevskaya, Aleksandra"]
[Black "Bykova, Anastasia"]
[Result "0-1"]
[ECO "D18"]
[WhiteElo "2316"]
[BlackElo "2229"]
[Annotator "NA"]
[PlyCount "82"]
[EventDate "2019.06.27"]
[EventType "swiss"]
[EventCountry "RUS"]
[SourceTitle "playchess.com"]
[Source "ChessBase"]
[SourceQuality "1"]
[TimeControl "40/5400+30:1800+30"]

1. c4 c6 2. Nf3 d5 3. d4 Nf6 4. Nc3 dxc4 5. a4 Bf5 6. e3 e6 7. Bxc4 Bb4 8. O-O Nbd7 9. Qe2 Bg6 10. h3 O-O 11. Nh4 Bh5 12. g4 Ne4 13. Ng2 Bg6 14. Nxe4 Bxe4 15. f3 Bd5 16. e4 Bxc4 17. Qxc4 Qa5 18. Be3 e5 19. Kh1 Rfd8 20. Rfd1 exd4 21. Bxd4 c5 22. Bg1 Ne5 23. Qf1 Rxd1 24. Rxd1 Qxa4 25. Rd5 Re8 26. Ne3 Qc6 27. Nf5 h6 28. Qd1 Ng6 29. Rd6 Qb5 30. Rd5 Rf8 31. Be3 Qa6 32. h4 Qf6 33. Qc1 Qa6 34. h5 Qe2 35. hxg6 Qxf3+ 36. Kh2 Qe2+ 37. Kh3 fxg6 38. Ng3 Rf3 39. Bxc5 Be1 40. Bd6 Qf1+ 41. Kh4 Qh1# 0-1

[Event "69th RUS-ch Women Higher League 2019"]
[Site "Yaroslavl"]
[Date "2019.07.01"]
[Round "5.14"]
[White "Maletina, Tatiana"]
[Black "Diakonova, Ekaterina"]
[Result "1-0"]
[ECO "A45"]
[WhiteElo "2273"]
[BlackElo "2196"]
[Annotator "NA"]
[PlyCount "51"]
[EventDate "2019.06.27"]
[EventType "swiss"]
[EventCountry "RUS"]
[SourceTitle "playchess.com"]
[Source "ChessBase"]
[SourceQuality "1"]
[TimeControl "40/5400+30:1800+30"]

1. d4 Nf6 2. Bg5 Ne4 3. Bf4 c5 4. f3 Nf6 5. d5 e6 6. e4 exd5 7. exd5 d6 8. Nc3 Be7 9. Nge2 O-O 10. g4 a6 11. Ng3 Re8 12. Be2 b5 13. g5 Nfd7 14. Nce4 Ne5 15. Bxe5 dxe5 16. Qd2 Bb7 17. c4 bxc4 18. Bxc4 Nd7 19. d6 Bf8 20. g6 hxg6 21. Ng5 Re6 22. Nxe6 fxe6 23. Bxe6+ Kh7 24. O-O c4 25. Qg2 Qb6+ 26. Kh1 1-0

[Event "69th RUS-ch Women Higher League 2019"]
[Site "Yaroslavl"]
[Date "2019.07.01"]
[Round "5.15"]
[White "Ovod, Evgenija"]
[Black "Mukhina, Jana"]
[Result "0-1"]
[ECO "A45"]
[WhiteElo "2361"]
[BlackElo "2090"]
[Annotator "NA"]
[PlyCount "96"]
[EventDate "2019.06.27"]
[EventType "swiss"]
[EventCountry "RUS"]
[SourceTitle "playchess.com"]
[Source "ChessBase"]
[SourceQuality "1"]
[TimeControl "40/5400+30:1800+30"]

1. d4 Nf6 2. Bg5 Ne4 3. Bf4 c5 4. f3 Qa5+ 5. c3 Nf6 6. d5 e6 7. e4 exd5 8. exd5 d6 9. Qd2 Nbd7 10. c4 Qxd2+ 11. Kxd2 b5 12. b3 Nh5 13. Be3 g6 14. cxb5 Nb6 15. Nc3 Nf6 16. Re1 Kd7 17. Bc4 Bb7 18. Rd1 a6 19. Kc2 axb5 20. Bxb5+ Kc7 21. Nge2 Nfxd5 22. Bc1 Bg7 23. a3 Nxc3 24. Nxc3 Bc6 25. Bf4 Rhd8 26. Rhe1 Rd7 27. Bxc6 Kxc6 28. Bc1 d5 29. Bb2 Bxc3 30. Kxc3 d4+ 31. Kd3 Nd5 32. Rc1 Nf4+ 33. Kd2 Kd5 34. Re4 Ne6 35. Rce1 Rb7 36. Kc2 Rab8 37. b4 cxb4 38. Re5+ Kc4 39. Rc1 d3+ 40. Kb1+ Kb3 41. Re3 Rd7 42. Re4 Nc5 43. Rxb4+ Rxb4 44. axb4 Na4 45. Bf6 d2 46. Rd1 Nc3+ 47. Bxc3 Kxc3 48. h3 Re7 0-1

[Event "69th RUS-ch Women Higher League 2019"]
[Site "Yaroslavl"]
[Date "2019.07.01"]
[Round "5.16"]
[White "Markelova, Lubov"]
[Black "Afonasieva, Anna"]
[Result "1/2-1/2"]
[ECO "D11"]
[WhiteElo "2186"]
[BlackElo "2303"]
[Annotator "NA"]
[PlyCount "178"]
[EventDate "2019.06.27"]
[EventType "swiss"]
[EventCountry "RUS"]
[SourceTitle "playchess.com"]
[Source "ChessBase"]
[SourceQuality "1"]
[TimeControl "40/5400+30:1800+30"]

1. Nf3 d5 2. d4 Nf6 3. c4 c6 4. e3 e6 5. b3 Nbd7 6. Bb2 Bd6 7. Bd3 O-O 8. O-O b6 9. Nbd2 Bb7 10. Ne5 c5 11. cxd5 Bxd5 12. Ndc4 Bc7 13. Nxd7 Nxd7 14. Qh5 f5 15. Rad1 Nf6 16. Qh4 cxd4 17. Bxd4 Qe8 18. Ne5 Rd8 19. f3 Bb7 20. Rfe1 Rd5 21. f4 b5 22. Rc1 Ba5 23. Re2 Qd8 24. Rec2 Bb6 25. Bxb6 Qxb6 26. Qg3 Nh5 27. Qf2 Rfd8 28. Bf1 Nf6 29. Nc6 R8d7 30. Ne5 R7d6 31. Qe1 Nd7 32. Nf3 e5 33. Kh1 h6 34. a4 a6 35. axb5 axb5 36. b4 exf4 37. exf4 Nf6 38. Qe7 Rd7 39. Qe1 Ne4 40. h3 R7d6 41. Kh2 Rg6 42. Ne5 Rg3 43. Qe2 Qd6 44. Rc8+ Bxc8 45. Rxc8+ Kh7 46. Rh8+ Kxh8 47. Nf7+ Kh7 48. Nxd6 Rxd6 49. Qxb5 Rf6 50. Qd5 Rc3 51. Bc4 Nd6 52. Qg8+ Kg6 53. Be2 Rc8 54. Qd5 Re8 55. Bd3 Ne4 56. g4 Nd6 57. b5 Kh7 58. b6 Kh8 59. g5 hxg5 60. fxg5 Rg6 61. b7 Nxb7 62. Qxb7 Rxg5 63. Qb4 Rh5 64. Qf4 Rf8 65. Be2 Rh6 66. Qg5 Re8 67. Bh5 Rf8 68. Bg6 f4 69. Qe7 Rb8 70. Qe4 Rf8 71. Qe7 Rb8 72. Qd6 Rc8 73. Qe6 Rf8 74. Kg2 f3+ 75. Kf2 Rxg6 76. Qxg6 Rf6 77. Qh5+ Kg8 78. h4 Rf8 79. Qg5 Rf6 80. Qd5+ Kh7 81. Qh5+ Kg8 82. Qe8+ Rf8 83. Qe6+ Kh7 84. h5 Rf6 85. Qe8 Rh6 86. Kxf3 Rf6+ 87. Kg4 Rh6 88. Kg5 Rf6 89. Qe4+ Kh8 1/2-1/2

[Event "69th RUS-ch Women Higher League 2019"]
[Site "Yaroslavl"]
[Date "2019.07.01"]
[Round "5.17"]
[White "Paramzina, Anastasya"]
[Black "Bulatova, Kamaliya"]
[Result "0-1"]
[ECO "C07"]
[WhiteElo "2300"]
[BlackElo "2102"]
[Annotator "NA"]
[PlyCount "82"]
[EventDate "2019.06.27"]
[EventType "swiss"]
[EventCountry "RUS"]
[SourceTitle "playchess.com"]
[Source "ChessBase"]
[SourceQuality "1"]
[TimeControl "40/5400+30:1800+30"]

1. e4 e6 2. d4 d5 3. Nd2 c5 4. exd5 Qxd5 5. Ngf3 cxd4 6. Bc4 Qd6 7. O-O Nf6 8. Nb3 Nc6 9. Nbxd4 Nxd4 10. Nxd4 Be7 11. b3 a6 12. a4 Qc7 13. Bb2 O-O 14. Qe2 b6 15. Rfe1 Bb4 16. Red1 Bb7 17. Rd3 e5 18. c3 Bc5 19. Nc2 Qc6 20. Rf3 Qc8 21. Rxf6 gxf6 22. b4 Qc6 23. Qf1 Bd6 24. Ne3 Kh8 25. Qd1 Rad8 26. Qh5 Qe4 27. Bxf7 Rd7 28. Bb3 Rg7 29. Qh3 a5 30. Rd1 axb4 31. Bc2 Qc6 32. c4 Rfg8 33. Kf1 Bc5 34. Nd5 Bd4 35. Bxd4 Qxc4+ 36. Bd3 Qxd5 37. Bxb6 Qxg2+ 38. Qxg2 Bxg2+ 39. Ke2 e4 40. Bc4 Bf3+ 41. Kd2 Rd7+ 0-1

[Event "69th RUS-ch Women Higher League 2019"]
[Site "Yaroslavl"]
[Date "2019.07.01"]
[Round "5.18"]
[White "Schepetkova, Margarita"]
[Black "Kabanova, Ekaterina"]
[Result "0-1"]
[ECO "E01"]
[WhiteElo "2241"]
[BlackElo "2099"]
[Annotator "NA"]
[PlyCount "72"]
[EventDate "2019.06.27"]
[EventType "swiss"]
[EventCountry "RUS"]
[SourceTitle "playchess.com"]
[Source "ChessBase"]
[SourceQuality "1"]
[TimeControl "40/5400+30:1800+30"]

1. d4 Nf6 2. c4 e6 3. g3 d5 4. Bg2 Bb4+ 5. Nd2 O-O 6. Ngf3 b6 7. O-O Bb7 8. Qa4 Bd6 9. Ne5 c5 10. cxd5 Bxd5 11. e4 Bb7 12. Nec4 Be7 13. dxc5 Bxc5 14. b4 Bd4 15. Rb1 Qc7 16. Qd1 Rd8 17. Qe2 e5 18. a4 Na6 19. Ba3 Rac8 20. Bh3 Rb8 21. Rfc1 Qe7 22. Kh1 Qe8 23. f3 h5 24. Nb3 h4 25. b5 Nc5 26. Bxc5 bxc5 27. Nca5 hxg3 28. hxg3 Nh5 29. Kg2 Qe7 30. Nc6 Qg5 31. Bg4 Bxc6 32. bxc6 Rxb3 33. c7 Rc8 34. Bxh5 Rxc7 35. f4 Rxg3+ 36. Kh2 Qh4# 0-1

[Event "69th RUS-ch Women Higher League 2019"]
[Site "Yaroslavl"]
[Date "2019.07.01"]
[Round "5.19"]
[White "Faizutdinova, Diana"]
[Black "Khokhlova, Daria"]
[Result "0-1"]
[ECO "A13"]
[WhiteElo "2061"]
[BlackElo "2234"]
[Annotator "NA"]
[PlyCount "66"]
[EventDate "2019.06.27"]
[EventType "swiss"]
[EventCountry "RUS"]
[SourceTitle "playchess.com"]
[Source "ChessBase"]
[SourceQuality "1"]
[TimeControl "40/5400+30:1800+30"]

1. c4 e6 2. e4 d5 3. exd5 exd5 4. d4 Nf6 5. Bd3 Be7 6. Ne2 O-O 7. O-O dxc4 8. Bxc4 a6 9. Nbc3 b5 10. Bb3 Bb7 11. Nf4 Nbd7 12. Ncd5 Bd6 13. Qf3 Nxd5 14. Nxd5 Nb6 15. Ne7+ Qxe7 16. Qxb7 Qh4 17. g3 Qxd4 18. Be3 Qxb2 19. Rad1 Rab8 20. Qxa6 Qe5 21. Bd4 Qf5 22. Qa5 Rfc8 23. Qc3 b4 24. Qc6 Bf8 25. Rfe1 Qg6 26. Rc1 Qxc6 27. Rxc6 Nd7 28. h4 Bd6 29. Kg2 Re8 30. Rxe8+ Rxe8 31. Be3 Ne5 32. Ra6 Kf8 33. Kh3 Rd8 0-1

[Event "69th RUS-ch Women Higher League 2019"]
[Site "Yaroslavl"]
[Date "2019.07.01"]
[Round "5.20"]
[White "Lysenko, Margarita"]
[Black "Loskutova, Viktoriya"]
[Result "1-0"]
[ECO "E20"]
[WhiteElo "2224"]
[BlackElo "2019"]
[Annotator "NA"]
[PlyCount "71"]
[EventDate "2019.06.27"]
[EventType "swiss"]
[EventCountry "RUS"]
[SourceTitle "playchess.com"]
[Source "ChessBase"]
[SourceQuality "1"]
[TimeControl "40/5400+30:1800+30"]

1. d4 Nf6 2. c4 e6 3. Nc3 Bb4 4. f3 c5 5. d5 d6 6. e4 b5 7. Bd2 a6 8. a4 exd5 9. cxd5 bxa4 10. Rxa4 Nbd7 11. Ra1 O-O 12. Nh3 Ne5 13. Nf2 a5 14. Be2 Nfd7 15. f4 Ng6 16. O-O Nb6 17. Nh1 f5 18. Ng3 fxe4 19. Ncxe4 Ne7 20. Ng5 Nf5 21. Bd3 h6 22. Bxf5 Bxf5 23. Ne6 Bxe6 24. dxe6 d5 25. f5 Nc4 26. Bc1 Ne5 27. Bf4 Nc6 28. Qg4 Kh8 29. Nh5 Rg8 30. Qh3 Ra7 31. Rad1 d4 32. Qf3 Ne7 33. Be5 Qd5 34. Qf4 Kh7 35. Bxg7 Nxf5 36. Nf6+ 1-0